 Dungeon Crawl Stone Soup version 0.31-a0-1098-g6898e6545c (webtiles) character file.

Game seed: 12864637231202322005

175469 Estrix the Severer (level 17, 0/157 (163) HPs)
             Began as a Minotaur Fighter on Nov 29, 2023.
             Was the Champion of Okawaru.
             Slain by a pharaoh ant (25 damage)
             ... on level 3 of the Spider Nest on Nov 30, 2023.
             The game lasted 02:47:29 (35615 turns).

Estrix the Severer (Minotaur Fighter)              Turns: 35615, Time: 02:47:29

HP:   0/157 (163)   AC: 12    Str: 26 (30) XL:     17   Next: 47%
MP:   1/19          EV: 13    Int:  4 (7)  God:    Okawaru [******]
Gold: 2411          SH: 16    Dex:  8 (13) Spells: 16/16 levels left

rFire   . . .        e - +5 broad axe (freeze)
rCold   . . .        c - +3 kite shield {AC+3}
rNeg    . . .        N - +0 plate armour "Ymirosur" {rPois}
rPois   +            T - +1 hat
rElec   .            M - +2 cloak
rCorr   .            w - +1 pair of gloves
SInv    .            J - +2 pair of boots
Will    +....        A - amulet of regeneration Stlth
                     p - +6 ring of strength
HPRegen 1.26/turn    P - +5 ring of evasion
MPRegen 0.16/turn

%: no passive effects
@: corroded, studying Dodging, lightly drained
A: horns 2, retaliatory headbutt
a: Renounce Religion, Heroism, Finesse, Duel


You were on level 3 of the Spider Nest.
You worshipped Okawaru.
Okawaru was exalted by your worship.
You visited 7 branches of the dungeon, and saw 30 of its levels.
You visited the Abyss 1 time.

You collected 2805 gold pieces.
You spent 394 gold pieces at shops.

Inventory:

Hand Weapons
 e - a +5 broad axe of freezing (weapon)
Missiles
 n - 3 poisoned darts
 x - 32 boomerangs
Armour
 c - a +3 kite shield of protection (worn)
 w - a +1 pair of gloves (worn)
 J - a +2 pair of boots (worn)
 M - a +2 cloak (worn)
 N - the +0 plate armour "Ymirosur" (worn) {rPois}
   (Okawaru gifted it to you on level 5 of the Lair of Beasts)

   rPois:     It protects you from poison
 T - a +1 hat (worn)
Jewellery
 j - an amulet of reflection
 p - a +6 ring of strength (left hand)
 t - a ring of resist corrosion
 A - an amulet of regeneration (around neck)
 C - a ring of protection from fire
 P - a +5 ring of evasion (right hand)
 W - the ring "Aniuleir" {rElec rPois rF+++ rN+ Dex-4}
   (You found it on level 5 of the Lair of Beasts)

   [ring of positive energy]

   Dex-4:     It affects your dexterity (-4).
   rF+++:     It renders you almost immune to fire.
   rElec:     It insulates you from electricity.
   rPois:     It protects you from poison rN+: It protects you from negative
   energy.
 Y - a ring of poison resistance
Wands
 a - a wand of digging (6)
 i - a wand of paralysis (21)
 o - a wand of flame (43)
 B - a wand of acid (13)
 F - a wand of roots (17)
 L - a wand of mindburst (11)
 Q - a wand of polymorph (2)
Scrolls
 h - 10 scrolls of teleportation
 s - 9 scrolls of identify
 D - a scroll of vulnerability
 G - 3 scrolls of fear
 I - 3 scrolls of fog
 S - a scroll of blinking
Potions
 b - 7 potions of ambrosia
 d - 2 potions of might
 f - 2 potions of magic
 g - 5 potions of lignification
 k - 3 potions of invisibility
 m - 2 potions of enlightenment
 q - a potion of mutation
 r - 10 potions of curing
 u - 3 potions of brilliance
 v - 2 potions of haste
 z - a potion of cancellation
 U - 2 potions of resistance


   Skills:
 + Level 17.8 Fighting
 - Level 18.0 Axes
 + Level 9.6 Throwing
 + Level 17.8 Armour
 + Level 17.7 Shields
 - Level 5.0 Invocations
 - Level 8.0 Evocations


You had 16 spell levels left.
You didn't know any spells.
Your spell library contained the following spells:

 Spells                   Type           Power      Damage    Failure   Level
 Sandblast                Erth           0%         2d4       99%         1
 Shock                    Conj/Air       0%         1d3       99%         1
 Passwall                 Tmut/Erth      0%         N/A       100%        2
 Scorch                   Fire           0%         2d5       100%        2
 Static Discharge         Conj/Air       0%         3-3/arc   100%        2
 Wereblood                Tmut           0%         N/A       100%        2
 Dazzling Flash           Conj/Hex       0%         N/A       100%        3
 Stone Arrow              Conj/Erth      0%         3d7       100%        3
 Swiftness                Air            0%         N/A       100%        3
 Volatile Blastmotes      Fire/Tloc      0%         2d10      100%        3
 Airstrike                Air            0%         2d(0-16)  100%        4
 Anguish                  Hex/Necr       0%         N/A       100%        4
 Brom's Barrelling Bould  Conj/Erth      0%         2d3       100%        4
 Cause Fear               Hex            0%         N/A       100%        4
 Flame Wave               Conj/Fire      0%         2d4       100%        4
 Fireball                 Conj/Fire      0%         3d3       100%        5
 Irradiate                Conj/Tmut      0%         3d11      100%        5
 Iskenderun's Battlesphe  Conj           0%         2d6       100%        5
 Conjure Ball Lightning   Conj/Air       0%         3x3d6     100%        6
 Starburst                Conj/Fire      0%         6d3       100%        6
 Enfeeble                 Hex            0%         N/A       100%        7
 Orb of Destruction       Conj           0%         9d5       100%        7
 Maxwell's Capacitive Co  Air            0%         ∞         100%        8
 Fire Storm               Conj/Fire      0%         5d1       100%        9
 Animate Dead             Necr           Unusable   N/A       N/A         4
 Summon Cactus Giant      Summ           Unusable   N/A       N/A         6
 Haunt                    Necr/Summ      Unusable   N/A       N/A         7
 Infestation              Necr           Unusable   N/A       N/A         8

Dungeon Overview and Level Annotations

Branches:
Dungeon (15/15)            Temple (1/1) D:5            Lair (5/5) D:11
 Shoals (1/4) Lair:2       Spider (4/4) Lair:3        Slime (0/5) Lair:4
    Orc (2/2) D:10            Elf (2/3) Orc:2        Vaults (0/5) D:14
 Depths (0/4) D:15

Altars:
Ashenzari
Cheibriados
Dithmenos
Elyvilon
Fedhas
Gozag
Hepliaklqana
Kikubaaqudgha
Makhleb
Nemelex Xobeh
Okawaru
Qazlal
Ru
Sif Muna
Trog
Uskayaw
Vehumet
Wu Jian
Xom
Yredelemnul
Zin
The Shining One

Shops:
D:8 !   D:12 (([   Orc:2 =*([

Annotations:
D:7 2 transporters
D:12 exclusion: ice statue
Lair:2 exclusion: oklob plant
Spider:1 Roxanne


Innate Abilities, Weirdness & Mutations

You have a pair of horns on your head.
You reflexively headbutt those who attack you in melee.


Message History

You block the entropy weaver's attack. The entropy weaver barely misses you.
You block the entropy weaver's attack. x2
The pharaoh ant attacks as it pursues you!
The pharaoh ant bites you!!
* * * LOW HITPOINT WARNING * * *
You feel drained.
* * * LOW HITPOINT WARNING * * *
You feel you are being watched by something.
You feel your power leaking away.
You feel much better. You block the pharaoh ant's attack.
You block the entropy weaver's attack.
The entropy weaver hits you but does no damage.
The entropy weaver hits you!
* * * LOW HITPOINT WARNING * * *
The entropy weaver closely misses you.
The pharaoh ant attacks as it pursues you!
You block the pharaoh ant's attack.
The entropy weaver casts a spell at you.
The entropic weave corrodes you!
You feel you are being watched by something.
You block the pharaoh ant's attack. You block the entropy weaver's attack.
The entropy weaver hits you but does no damage.
The entropy weaver barely misses you. x2
There is a stone staircase leading up here.
The pharaoh ant bites you!!
* * * LOW HITPOINT WARNING * * *
You climb upwards.
Reactivating autopickup.
There is a stone staircase leading down, spattered with blood here.
You hit the pharaoh ant. You freeze the pharaoh ant.
Your headbutt misses the pharaoh ant.
The pharaoh ant is lightly damaged.
The pharaoh ant bites you but does no damage.
You hit the pharaoh ant. You freeze the pharaoh ant.
The pharaoh ant is moderately damaged.
You block the pharaoh ant's attack.
You slash the pharaoh ant! You freeze the pharaoh ant.
The pharaoh ant is severely damaged.
The pharaoh ant bites you!!
You die...

#####################
#.#.B..^#.....##...#.
##.^.@†........#......
##..............##....^
#...............##...^#
#......^.......^#.....<
##...#...#^............
##......#####.......#..
#......## #.......####
###^..## ##...#..####
##...# ##.###...##


You could see a pharaoh ant.

Vanquished Creatures
  Saint Roka (Orc:2)
  Nikola (Spider:1)
  Rupert (Spider:1)
  4 ghost moths
  3 emperor scorpions
  A deep elf sorcerer (Elf:2)
  An orc warlord (Orc:1)
  A broodmother (Spider:2)
  A stone giant (D:15)
  Nessos (Orc:2)
  A deep elf annihilator (Elf:1)
  5 dire elephants (Lair:5)
  Azrael (Orc:1)
  4 entropy weavers
  4 hydras
  2 vault guards (D:14)
  An ogre mage (Orc:2)
  3 jorogumos
  An ironbound frostheart (D:14)
  2 centaur warriors (D:14)
  A catoblepas (Lair:4)
  9 radroaches
  Erica (D:9)
  4 boulder beetles
  7 two-headed ogres
  10 dancing weapons
  A death yak (Lair:5)
  12 demonic crawlers
  2 tengu warriors
  An orc high priest (Orc:2)
  A hell knight (D:15)
  Nergalle (Orc:1)
  4 deep elf knights
  6 skeletal warriors
  4 pharaoh ants
  A sun moth (Spider:2)
  6 orb spiders
  A shadow wraith (D:14)
  A spectral anaconda (Lair:5)
  An obsidian statue (Lair:5)
  2 deep elf archers
  6 necromancers
  3 orc knights
  16 deep elf zephyrmancers
  17 deep elf pyromancers
  20 wolf spiders
  Pikel (D:4)
  2 manticores
  8 steelbarb worms
  4 orc sorcerers
  4 cyclopes
  12 ugly things
  3 black mambas
  18 elephants
  5 moths of wrath
  2 torpor snails
  A gargoyle (D:12)
  4 rime drakes
  An unseen horror (D:11)
  14 cane toads
  7 komodo dragons
  4 yaktaurs (D:15)
  3 kobold demonologists (D:10)
  An efreet (D:14)
  A queen bee (Lair:4)
  7 trolls
  Grinder (D:4)
  3 polar bears
  11 meliai
  40 tarantellas
  6 dream sheep
  15 jumping spiders
  3 blink frogs (Lair:3)
  A snapping turtle (Lair:2)
  23 culicivoras
  A vampire (D:12)
  2 shadows (D:12)
  2 air elementals (Elf:1)
  A water elemental (Lair:2)
  2 wyverns
  32 yaks
  2 wraiths
  Eustachio (D:6)
  A fire elemental (Orc:2)
  4 humans (D:14)
  10 vampire mosquitoes
  4 basilisks
  3 death yak simulacra (Lair:5)
  34 redbacks
  2 steam dragons
  3 wargs
  Menkaure (D:7)
  A harpy simulacrum (D:15)
  2 spectral cane toads (Lair:5)
  10 water moccasins
  An acid dragon (D:13)
  3 hell hounds
  30 orc warriors
  4 ice beasts
  A sky beast (D:7)
  3 black bears
  An elephant zombie (Lair:5)
  7 ogres
  2 wolves
  13 centaurs
  3 phantoms
  2 elephant skeletons (Lair:5)
  A lemure (D:4)
  2 earth elementals
  4 kobold brigands
  9 bullfrogs
  3 scorpions
  A cane toad simulacrum (Lair:5)
  27 killer bees
  An electric eel (Orc:1)
  An elephant simulacrum (Lair:5)
  10 howler monkeys
  3 jellies
  17 orc priests
  3 hounds
  6 iguanas
  24 orc wizards
  8 hell rats
  8 gnolls (D:3)
  7 adders
  8 river rats (Lair:5)
  3 white imps
  6 ufetubi
  3 worms
  4 dart slugs
  98 orcs
  4 endoplasms
  2 giant cockroaches (D:1)
  39 goblins
  21 hobgoblins
  A hobgoblin (shapeshifter) (Elf:1)
  4 jackals (D:1)
  A ball python (D:1)
  6 bats
  2 frilled lizards (D:1)
  11 kobolds
  11 rats
929 creatures vanquished.

Vanquished Creatures (others)
  A deep elf pyromancer (Elf:1)
  A jumping spider (Spider:1)
  3 orc wizards
  An orc (Orc:1)
6 creatures vanquished.

Grand Total: 935 creatures vanquished

Notes
Turn   | Place    | Note
-------+----------+-------------------------------------------
     0 | D:1      | Estrix the Minotaur Fighter began the quest for the Orb.
     0 | D:1      | Reached XP level 1. HP: 19/19 MP: 0/0
   199 | D:1      | Reached XP level 2. HP: 27/27 MP: 1/1
   240 | D:1      | Reached skill level 3 in Axes
   282 | D:1      | You fall into a shaft and drop 1 floor!
   477 | D:1      | Found a faded altar of an unknown god.
   891 | D:2      | Reached XP level 3. HP: 31/33 MP: 2/2
  1264 | D:2      | Found a hide-covered altar of Uskayaw.
  2371 | D:3      | Reached XP level 4. HP: 18/40 MP: 3/3
  2580 | D:3      | Reached skill level 4 in Axes
  2804 | D:3      | Reached XP level 5. HP: 38/47 MP: 4/4
  3279 | D:4      | Reached skill level 5 in Axes
  3383 | D:4      | Reached skill level 5 in Fighting
  3383 | D:4      | Reached XP level 6. HP: 56/56 MP: 5/5
  3464 | D:4      | Noticed Grinder
  3472 | D:4      | Killed Grinder
  3473 | D:4      | Reached skill level 6 in Axes
  3473 | D:4      | Reached skill level 5 in Armour
  3473 | D:4      | Reached skill level 5 in Shields
  3473 | D:4      | Reached XP level 7. HP: 61/61 MP: 6/6
  3646 | D:4      | Noticed Pikel
  3669 | D:4      | Killed Pikel
  3670 | D:4      | Reached skill level 7 in Axes
  3670 | D:4      | Reached XP level 8. HP: 58/70 MP: 7/7
  3870 | D:4      | Found a hide-covered altar of Uskayaw.
  3872 | D:4      | Found a stormy altar of Qazlal.
  4060 | D:5      | Entered Level 5 of the Dungeon
  4301 | D:5      | Reached skill level 8 in Axes
  4533 | D:5      | Reached skill level 9 in Axes
  4536 | D:5      | Noticed a two-headed ogre
  4552 | D:5      | Killed a two-headed ogre
  4553 | D:5      | Reached XP level 9. HP: 11/79 MP: 8/8
  4961 | D:5      | Found a staircase to the Ecumenical Temple.
  4969 | Temple   | Entered the Ecumenical Temple
  4978 | Temple   | Became a worshipper of Warmaster Okawaru
  5214 | D:6      | Reached skill level 10 in Axes
  5248 | D:6      | Found a shimmering altar of Xom.
  5253 | D:6      | Found a hazy altar of Hepliaklqana.
  5254 | D:6      | Noticed a spectral ugly thing
  5498 | D:6      | Reached * piety under Okawaru
  5656 | D:6      | Noticed Eustachio
  5676 | D:6      | Killed Eustachio
  5914 | D:6      | Found a faded altar of an unknown god.
  5914 | D:6      | Noticed a skeletal warrior
  5914 | D:6      | Found the Hermit's Pendant {Faith Invo=14 Evo=0 MP+5}
  5931 | D:6      | Killed a skeletal warrior
  5931 | D:6      | Reached ** piety under Okawaru
  5932 | D:6      | Reached skill level 11 in Axes
  5932 | D:6      | Reached XP level 10. HP: 52/90 MP: 9/9
  6827 | D:7      | Reached skill level 1 in Invocations
  6863 | D:7      | Noticed Menkaure
  6870 | D:7      | Killed Menkaure
  7097 | D:7      | Found a transporter.
  7100 | D:7      | Noticed a deep elf knight
  7117 | D:7      | Found a transporter.
  7402 | D:8      | Found More's Distillery.
  7730 | D:8      | Reached *** piety under Okawaru
  7984 | D:9      | Noticed Erica
  8082 | D:9      | Killed Erica
  8083 | D:9      | Reached skill level 12 in Axes
  8398 | D:9      | Reached **** piety under Okawaru
  8518 | D:9      | Reached XP level 11. HP: 66/99 MP: 12/12
  8910 | D:9      | Found a sparkling altar of Nemelex Xobeh.
  9044 | D:10     | Entered Level 10 of the Dungeon
  9044 | D:10     | Found a bloodstained altar of Trog.
  9326 | D:10     | Reached skill level 13 in Axes
  9381 | D:10     | Found a staircase to the Orcish Mines.
  9421 | D:10     | Reached skill level 10 in Fighting
  9618 | D:10     | Found a snail-covered altar of Cheibriados.
  9751 | D:10     | Reached ***** piety under Okawaru
  9752 | D:10     | Reached skill level 10 in Armour
  9769 | D:10     | Noticed a sun demon
 10051 | D:10     | Reached skill level 10 in Shields
 10277 | D:10     | Noticed a soul eater
 10757 | D:11     | Found a staircase to the Lair.
 11255 | D:11     | Received a gift from Okawaru
 11361 | D:11     | Noticed a red ugly thing
 11366 | D:11     | Killed a red ugly thing
 11367 | D:11     | Reached skill level 14 in Axes
 11423 | D:11     | Reached skill level 5 in Invocations
 11702 | D:11     | Found a white marble altar of Elyvilon.
 12077 | Lair:1   | Entered Level 1 of the Lair of Beasts
 12124 | D:11     | Identified a scroll of acquirement
 12124 | D:11     | Acquired a +1 broad axe of freezing
 12289 | Lair:1   | Reached skill level 1 in Throwing
 12378 | Lair:1   | Identified the +2 falchion of Valour {heavy, rC+ rN+ MP+9}
 12476 | Lair:1   | Reached XP level 12. HP: 108/108 MP: 14/14
 13449 | Lair:2   | Received a gift from Okawaru
 13714 | Lair:2   | Found a staircase to the Shoals.
 14520 | Lair:3   | Reached skill level 15 in Axes
 14557 | Lair:3   | Noticed a five-headed hydra
 14565 | Lair:3   | Killed an eight-headed hydra
 14908 | Lair:3   | Found a hole to the Spider Nest.
 15807 | Lair:4   | Found a staircase to the Slime Pits.
 15826 | Lair:4   | Received a gift from Okawaru
 15954 | Lair:4   | Noticed a catoblepas
 16044 | Lair:4   | Killed a catoblepas
 16404 | Lair:4   | Noticed a six-headed hydra
 16418 | Lair:4   | Killed an eight-headed hydra
 16419 | Lair:4   | Reached skill level 16 in Axes
 16419 | Lair:4   | Reached XP level 13. HP: 91/118 MP: 12/15
 16583 | Lair:4   | Received a gift from Okawaru
 16876 | Lair:5   | Entered Level 5 of the Lair of Beasts
 17021 | Lair:4   | Reached skill level 5 in Throwing
 17130 | Lair:5   | Reached ****** piety under Okawaru
 17132 | Lair:5   | Acquired the +4 hand axe of Coakh {vamp, rF+ rC+ Dex+4}
 17132 | Lair:5   | Received a gift from Okawaru
 17310 | Lair:5   | Received a gift from Okawaru
 17327 | Lair:5   | Acquired the +0 plate armour "Ymirosur" {rPois}
 17327 | Lair:5   | Received a gift from Okawaru
 17492 | Lair:5   | Noticed a dire elephant
 17492 | Lair:5   | Noticed a dire elephant
 17492 | Lair:5   | Noticed a dire elephant
 17531 | Lair:5   | Noticed a dire elephant
 17554 | Lair:5   | Reached skill level 17 in Axes
 17700 | Orc:1    | Entered Level 1 of the Orcish Mines
 17916 | Orc:1    | Received a gift from Okawaru
 18210 | Orc:1    | Noticed Nergalle
 18410 | Orc:1    | Noticed an orc warlord
 18423 | Orc:1    | Killed Nergalle
 18436 | Orc:1    | Killed an orc warlord
 18723 | Orc:2    | Entered Level 2 of the Orcish Mines
 18729 | Orc:2    | Noticed Saint Roka
 18733 | Orc:2    | Paralysed by an orc sorcerer for 3 turns
 18924 | Orc:2    | Reached XP level 14. HP: 129/129 MP: 16/16
 18979 | Orc:1    | Received a gift from Okawaru
 19022 | Orc:2    | Noticed Azrael
 19034 | Orc:1    | Killed Azrael
 19179 | Orc:1    | Reached skill level 18 in Axes
 19381 | Orc:1    | Reached skill level 1 in Evocations
 19646 | Orc:2    | Noticed Nessos
 19887 | Orc:2    | HP: 1/130 [Saint Roka/divine providence (9)]
 19889 | Orc:2    | Killed Saint Roka
 19889 | Orc:2    | Received a gift from Okawaru
 21413 | Lair:5   | HP: 5/133 [spectral anaconda (6)]
 22057 | Orc:2    | Found a staircase to the Elven Halls.
 22110 | Orc:2    | Found Cangow's Jewellery Emporium.
 22171 | Orc:2    | HP: 3/131 [Nessos/arrow (4)]
 22173 | Orc:2    | Killed Nessos
 22337 | Orc:2    | Found Heatuacs's General Store.
 22478 | Orc:2    | Found Nuing's Antique Weapon Emporium.
 22521 | Orc:2    | Found Nosu's Antique Armour Emporium.
 22529 | Orc:2    | Bought a runed kite shield for 240 gold pieces
 23236 | D:12     | Found Amoaf's Weapon Shop.
 23261 | D:12     | Found Hiffuka's Weapon Shop.
 23263 | D:12     | Found Kopu Yrgh's Armour Shop.
 23535 | D:12     | Bought a +1 hat for 154 gold pieces
 23584 | D:12     | Received a gift from Okawaru
 25400 | D:14     | Reached XP level 15. HP: 139/139 MP: 17/17
 25514 | D:14     | Received a gift from Okawaru
 25569 | D:14     | Reached skill level 5 in Evocations
 25756 | D:14     | Reached skill level 15 in Fighting
 25958 | D:14     | Found a gate to the Vaults.
 26193 | D:15     | Entered Level 15 of the Dungeon
 26447 | D:15     | Reached skill level 15 in Armour
 26493 | D:15     | Identified the +2 robe "Qyulaceq" {rF+++ rC- Str+2
                  | Archmagi}
 26597 | D:15     | Reached skill level 15 in Shields
 26693 | D:15     | Found a staircase to the Depths.
 26704 | D:15     | HP: 4/136 [stone giant (20)]
 26882 | D:15     | Received a gift from Okawaru
 27493 | Spider:1 | Entered Level 1 of the Spider Nest
 27517 | Spider:1 | Found a runed translucent door.
 27535 | Spider:1 | Noticed an emperor scorpion
 27576 | Spider:1 | Killed an emperor scorpion
 27717 | Spider:1 | Noticed Nikola
 27872 | Lair:5   | Identified the ring "Aniuleir" {rElec rPois rF+++ rN+
                  | Dex-4}
 28054 | Shoals:1 | Entered Level 1 of the Shoals
 28054 | Shoals:1 | Noticed a kraken
 28186 | Elf:1    | Entered Level 1 of the Elven Halls
 28322 | Elf:1    | Received a gift from Okawaru
 28496 | Elf:1    | Upgraded the game from 0.31-a0-1096-g246cf0196b to
                  | 0.31-a0-1098-g6898e6545c
 29075 | Elf:1    | Got Yshreyst's Anthology of Conflict
 29238 | Elf:1    | Paralysed by an air elemental for 1 turns
 29589 | Elf:1    | Paralysed by an air elemental for 1 turns
 29722 | Elf:1    | Received a gift from Okawaru
 29759 | Elf:1    | Reached XP level 16. HP: 151/151 MP: 18/18
 30036 | Abyss:3  | Cast into level 3 of the Abyss (a deep elf sorcerer)
 30082 | Elf:2    | Escaped the Abyss
 30275 | Spider:1 | Killed Nikola
 30393 | Spider:1 | Noticed Rupert
 30409 | Spider:1 | Killed Rupert
 30494 | Spider:1 | Noticed Roxanne
 30650 | Spider:1 | Received a gift from Okawaru
 31005 | Spider:1 | Found a hide-covered altar of Uskayaw.
 32014 | Spider:2 | Received a gift from Okawaru
 32775 | Spider:2 | Received a gift from Okawaru
 33566 | Spider:3 | Reached XP level 17. HP: 155/161 MP: 19/19
 34647 | Spider:4 | Entered Level 4 of the Spider Nest
 34686 | Spider:4 | Received a gift from Okawaru
 35596 | Spider:4 | HP: 5/163 [something (12)]
 35615 | Spider:3 | Slain by a pharaoh ant

Illustrated notes

Levels and vault maps discovered:
D:1:      erik_arrival_triangle_medium, layout_rooms,
          ebering_ecumenical_altar_petrified, kennysheep_nondescript,
          hangedman_abyss_or_decor_stabs, chequers_garden,
          nicolae_houndstooth_variations
D:2:      layout_loops_corners, basic_altar
D:3:      minmay_goblin_kobold_castle, layout_basic, serial_forest,
          infiniplex_forest_lined_3_way, infiniplex_forest_lined_corner,
          infiniplex_forest_clump_diagonal, infiniplex_forest_clump_curved,
          infiniplex_forest_straight_4, infiniplex_forest_lined_3,
          infiniplex_forest_straight_5, minivault_26
D:4:      layout_loops_ring, amethyst_overflow_temple_binary,
          minmay_misc_feat_four_crosses, uniq_grinder, uniq_pikel
D:5:      cheibrodos_barr_body, layout_rooms,
          minmay_temple_entry_enclosed_plants, due_unseen_surprise
D:6:      layout_loops_ring, regret_index_temple_of_mockery,
          hellmonk_guarded_unrand_hermit, uniq_eustachio
D:7:      gammafunk_wand_slinger, layout_basic, lemuel_flamethrower_1,
          uniq_menkaure
D:8:      layout_rooms, serial_shops, shop
D:9:      layout_rooms, kennysheep_mini, uniq_erica
D:10:     layout_rooms, bloody_trog, mainiacjoe_overflow_brackets,
          hiddenorc2_lemuel, nicolae_hexahallways
D:11:     layout_irregular_city, hellmonk_lair_entry_icy,
          portal_ice_cave_entry_pillars_2, nicolae_elyvilon_peaceful_grove
D:12:     layout_gridville, minivault_16, nicolae_shop_distant_corner_stores
D:13:     layout_roguey, chequers_avenue, hangedman_ranch
D:14:     layout_loops_ring, hellmonk_vaults_keyhole, chequers_jeans
D:15:     hangedman_depths_entry_civil_slaughter, layout_basic
Temple:   nicolae_temple_no_exploring_needed
Lair:1:   layout_regular_city
Lair:2:   layout_layer_cave, minmay_shoals_entry_hut,
          grunt_forest_small_clearings, minmay_lair_oklob_bushes
Lair:3:   layout_layer_cave, nicolae_spider_entry_orb_guardian,
          grunt_megastairs_3, infiniplex_staircase_pool
Lair:4:   layout_roguey [special_room_bee], slime_entry_1
Lair:5:   due_jungle_book, layout_long_grid, chequers_serial_rivers_small_a,
          kennysheep_abandoned_house
Shoals:1: nicolae_shoals_lighthouse, layout_shoals
Spider:1: cheibrodos_spider_deadly_dance, nicolae_spider_altar_of_dancing,
          hangedman_spider_tarantella_strand, uniq_roxanne, uniq_rupert,
          uniq_nikola
Spider:2: layout_chambers, nicolae_spider_some_kinda_spiderbox
Spider:3: layout_spider_delve, drop_trap, nicolae_spider_shape
Spider:4: hellmonk_spider_rune_bug_friends
Orc:1:    layout_caves, nicolae_orc_pool_cavern, elves_outpost_lemuel,
          uniq_nergalle
Orc:2:    grunt_orc_cross, layout_caves, uniq_azrael, uniq_nessos
Elf:1:    layout_onion_city, minmay_elf_annihilation, minivault_4
Elf:2:    nicolae_elf_blades_crystal_corner, layout_loops_corners,
          nicolae_shop_clearance

Skill      XL: |  1  2  3  4  5  6  7  8  9 10 11 12 13 14 15 16 17 |
---------------+----------------------------------------------------+-----
Axes           | 3 4 5 6 7 9 11 12 14 16 17 18 | 18.0
Fighting       | 4 5 6 7 8 9 10 12 13 14 16 17 | 17.8
Armour         | 4 5 6 7 8 9 10 11 13 14 15 17 | 17.8
Shields        | 4 5 6 7 8 9 10 11 13 14 15 17 | 17.7
Invocations    | 3 5 |  5.0
Throwing       | 1 4 5 6 8 9 |  9.6
Evocations     | 4 7 8 |  8.0

Action                     |  1- 3 |  4- 6 |  7- 9 | 10-12 | 13-15 | 16-18 || total
---------------------------+-------+-------+-------+-------+-------+-------++-------
  Melee: War axe           |   114 |   124 |   200 |   464 |       |       ||   902
         Headbutt          |    15 |    11 |    36 |   153 |   257 |   158 ||   630
         Broad axe         |       |       |       |   231 |   955 |   693 ||  1879
         Hand axe          |       |       |       |       |    84 |       ||    84
  Throw: Dart              |       |       |     7 |       |     7 |       ||    14
         Javelin           |       |       |       |    33 |   112 |    63 ||   208
         Boomerang         |       |       |       |       |    60 |       ||    60
 Invoke: Heroism           |       |       |       |     6 |    12 |     5 ||    23
         Finesse           |       |       |       |     1 |     3 |     2 ||     6
         Receive Weapon    |       |       |       |       |     1 |       ||     1
         Receive Armour    |       |       |       |       |     1 |       ||     1
  Evoke: Wand              |       |       |     3 |     4 |     5 |     1 ||    13
    Use: Scroll            |       |     9 |     2 |    20 |    10 |     5 ||    46
         Potion            |       |       |     1 |     2 |     4 |     5 ||    12
   Stab: Petrified         |       |       |       |     2 |       |       ||     2
 Armour: Plate armour      |   124 |   146 |   134 |   476 |   720 |   634 ||  2234
         Scale mail        |     1 |       |       |       |       |       ||     1
  Dodge: Dodged            |    22 |    43 |    55 |   196 |   322 |   237 ||   875
  Block: Buckler           |    13 |       |       |       |       |       ||    13
         Kite shield       |    41 |    86 |   113 |   437 |   740 |   698 ||  2115

Table legend: (Time is in decaauts)
 A = Elapsed time spent in this place.
 B = Non-inter-level travel time spent in this place.
 C = Inter-level travel time spent in this place.
 D = Time resting spent in this place.
 E = Time spent auto-exploring this place.
 F = Levels seen in this place.
 G = Mean time per level.
                   A        B        C        D        E       F      G
               +--------+--------+--------+--------+--------+-----+--------+
         Total |  35390 |  32025 |   3365 |   5478 |  10919 |  31 | 1141.6 |
       Dungeon |  17298 |  15830 |   1468 |   2936 |   6413 |  15 | 1153.2 |
        Temple |     23 |     15 |      8 |      0 |      0 |   1 |   23.0 |
          Lair |   7474 |   6253 |   1221 |    720 |   2627 |   5 | 1494.8 |
        Shoals |      1 |      1 |      0 |      0 |      0 |   1 |    1.0 |
   Spider Nest |   5407 |   5219 |    188 |    993 |   1027 |   4 | 1351.8 |
  Orcish Mines |   3396 |   2999 |    397 |    771 |    633 |   2 | 1698.0 |
   Elven Halls |   1742 |   1662 |     80 |     49 |    218 |   2 |  871.0 |
         Abyss |     45 |     45 |      0 |      9 |      0 |   1 |   45.0 |
               +--------+--------+--------+--------+--------+-----+--------+

Top non-repeatable levels by time:
  Lair:5: 1953 daAuts
    D:10: 1934 daAuts
   Orc:1: 1906 daAuts
    D:11: 1846 daAuts
Spider:2: 1723 daAuts
  Lair:3: 1717 daAuts
   Elf:1: 1685 daAuts
Spider:1: 1568 daAuts
   Orc:2: 1489 daAuts
     D:3: 1483 daAuts
Spider:3: 1380 daAuts
  Lair:4: 1333 daAuts
  Lair:2: 1262 daAuts
    D:12: 1221 daAuts
  Lair:1: 1207 daAuts
